 Dungeon Crawl Stone Soup version 0.28.0-47-ge53b351184 (webtiles) character file.

Game seed: 3463014327019414653

105409 Zeld the Fighter (level 15, -6/135 HPs)
             Began as a Pale Draconian Conjurer on May 6, 2022.
             Was a High Priest of Vehumet.
             Killed from afar by an eleionoma (23 damage)
             ... with a spray of wooden splinters
             ... on level 1 of the Swamp on May 9, 2022.
             The game lasted 01:10:40 (52858 turns).

Zeld the Fighter (Pale Draconian Conjurer)         Turns: 52858, Time: 01:10:42

Health: -6/135     AC: 15    Str: 14    XL:     15   Next: 94%
Magic:  2/39       EV: 14    Int: 24    God:    Vehumet [*****.]
Gold:   864        SH:  0    Dex: 11    Spells: 14/36 levels left

rFire   + . .      SeeInvis .   a - +7 morningstar of Iconoclasm {drain, rCorr}
rCold   + . .      Faith    .   (no shield)
rNeg    + . .      Spirit   .   (armour unavailable)
rPois   +          Reflect  .   (helmet restricted)
rElec   .          Harm     .   o - scarf {rC+ rF+}
rCorr   +          Rampage  .   l - +2 pair of gloves of Xom's Whim {Str+4}
Will    +....                   R - +2 pair of boots of Ofucoepp {Drain Fly rN+}
Stlth   ++++......              (no amulet)
HPRegen 0.32/turn               t - ring of poison resistance
MPRegen 0.26/turn               y - ring of magical power

@: flying
A: breathe steam, AC +9, unfitting armour, cold-blooded, steam resistance
a: Breathe Steam, Renounce Religion


You were on level 1 of the Swamp.
You worshipped Vehumet.
Vehumet was extremely pleased with you.
You visited 5 branches of the dungeon, and saw 25 of its levels.
You also visited: Ossuary and Gauntlet.

You collected 2360 gold pieces.
You spent 1496 gold pieces at shops.

Inventory:

Hand Weapons
 a - the +7 morningstar of Iconoclasm (weapon) {drain, rCorr}
   (You took it off a minotaur in a Gauntlet)

   A truly terrible weapon, it drains the life of any living foe it strikes.
   rCorr:     It protects you from acid and corrosion.
Armour
 l - the +2 pair of gloves of Xom's Whim (worn) {Str+4}
   (You found it in a Gauntlet)

   Str:       It affects your strength (+4).
 o - a scarf of resistance (worn)
 R - the +2 pair of boots of Ofucoepp (worn) {Drain Fly rN+}
   (You found it in a Gauntlet)

   rN:        It protects you from negative energy.
   Fly:       It grants you flight.
   Drain:     It drains your maximum health when unequipped.
Jewellery
 p - a ring of resist corrosion
 t - a ring of poison resistance (left hand)
 y - a ring of magical power (right hand)
 D - a ring of protection from fire
 I - a ring of see invisible
 T - a +4 ring of evasion
Wands
 h - a wand of polymorph (9)
 q - a wand of digging (2)
 r - a wand of iceblast (32)
 s - a wand of flame (48)
 E - a wand of acid (1)
 G - a wand of mindburst (5)
 H - a wand of charming (12)
 N - a wand of paralysis (12)
Scrolls
 b - 5 scrolls of magic mapping
 g - 9 scrolls of fear
 i - 14 scrolls of identify
 k - 10 scrolls of teleportation
 w - 5 scrolls of amnesia
 z - 4 scrolls of silence
 A - 3 scrolls of enchant armour
 Q - a scroll of enchant weapon
 S - a scroll of brand weapon
Potions
 c - 11 potions of curing {unknown}
 d - 4 potions of ambrosia {unknown}
 e - 2 potions of cancellation {unknown}
 j - 3 potions of flight
 m - 4 potions of mutation {unknown}
 n - 6 potions of attraction {unknown}
 u - 7 potions of degeneration {unknown}
 v - 7 potions of haste {unknown}
 x - 2 potions of magic {unknown}
 B - 3 potions of heal wounds {unknown}
 C - 3 potions of invisibility {unknown}
 F - 5 potions of lignification {unknown}
 J - 6 potions of brilliance
 M - 5 potions of might {unknown}
Miscellaneous
 f - a lightning rod (4/4)
 K - a phial of floods
 L - a phantom mirror
 O - a piece from Xom's chessboard (15/15)
 P - a condenser vane
 U - a tin of tremorstones (2/2)


   Skills:
 * Level 13.1 Fighting
 * Level 7.9 Maces & Flails
 + Level 8.0 Dodging
 + Level 8.8 Stealth
 * Level 11.2 Spellcasting
 * Level 12.7 Conjurations
 - Level 2.0 Hexes
 - Level 2.0 Translocations
 * Level 12.3 Fire Magic
 * Level 11.0 Evocations


You had 14 spell levels left.
You knew the following spells:

 Your Spells              Type           Power      Damage    Failure   Level
a - Magic Dart            Conj           100%       1d8       1%          1
b - Searing Ray           Conj           100%       2d8       1%          2
c - Fulminant Prism       Conj/Hex       24%        3d13      1%          4
d - Iskenderun's Mystic   Conj/Tloc      48%        2d11      1%          4
e - Fireball              Conj/Fire      32%        3d14      1%          5
f - Starburst             Conj/Fire      32%        6d10      1%          6

Your spell library contained the following spells:

 Spells                   Type           Power      Damage    Failure   Level
 Spellforged Servitor     Conj/Summ      22%        N/A       54%         7
 Apportation              Tloc           46%        N/A       1%          1
 Sandblast                Erth           26%        2d8       1%          1
 Dazzling Flash           Conj/Hex       96%        N/A       1%          3
 Stone Arrow              Conj/Erth      88%        3d12      1%          3
 Irradiate                Conj/Tmut      22%        3d21      2%          5
 Lightning Bolt           Conj/Air       22%        1d37      2%          5
 Animate Skeleton         Necr           26%        N/A       4%          1
 Summon Small Mammal      Summ           52%        N/A       4%          1
 Ensorcelled Hibernation  Hex/Ice        36%        N/A       4%          2
 Gell's Gravitas          Tloc           23%        N/A       6%          3
 Teleport Other           Tloc           23%        N/A       6%          3
 Passwall                 Tmut/Erth      10%        N/A       7%          2
 Sublimation of Blood     Necr           13%        N/A       7%          2
 Airstrike                Air            6%         N/A       13%         4
 Conjure Ball Lightning   Conj/Air       22%        3x3d6     13%         6
 Spider Form              Tmut/Pois      13%        N/A       14%         3
 Anguish                  Hex/Necr       9%         N/A       30%         4
 Leda's Liquefaction      Hex/Erth       9%         N/A       30%         4
 Lee's Rapid Deconstruct  Erth           6%         3d7*      32%         5
 Petrify                  Tmut/Erth      13%        N/A       43%         4
 Summon Lightning Spire   Summ/Air       13%        N/A       43%         4
 Metabolic Englaciation   Hex/Ice        9%         N/A       65%         5
 Summon Mana Viper        Hex/Summ       18%        N/A       65%         5
 Alistair's Intoxication  Tmut/Pois      8%         N/A       78%         5
 Eringya's Noxious Bog    Tmut/Pois      6%         N/A       83%         6
 Dispersal                Tloc           11%        N/A       97%         6
 Discord                  Hex            11%        N/A       100%        8
 Disjunction              Tloc           11%        N/A       100%        8


Dungeon Overview and Level Annotations

Branches:
Dungeon (15/15)            Temple (1/1) D:4            Lair (6/6) D:11
  Swamp (1/4) Lair:2       Spider (0/4) Lair:3        Slime (0/5) Lair:5
    Orc (2/2) D:12            Elf (0/3) Orc:2        Vaults (0/5) D:14
 Depths (0/4) D:15        Ossuary (visited)         Gauntlet (visited)

Altars:
Ashenzari
Cheibriados
Dithmenos
Elyvilon
Fedhas
Gozag
Hepliaklqana
Kikubaaqudgha
Makhleb
Nemelex Xobeh
Okawaru
Qazlal
Ru
Sif Muna
Trog
Uskayaw
Vehumet
Wu Jian
Xom
Yredelemnul
Zin
The Shining One
Beogh
Jiyva

Shops:
D:2 *   D:10 =   D:11 *   Orc:2 (?[(

Annotations:
Lair:6 1 runed translucent door


Innate Abilities, Weirdness & Mutations

You can breathe blasts of scalding, opaque steam.
Your pale cyan-grey scales are hard. (AC +9)
You cannot fit into any form of body armour.
You are cold-blooded and may be slowed by cold attacks.
You are immune to the effects of steam.


Message History

The eleionoma is moderately wounded.
The eleionoma is knocked back by the mystic blast.
The eleionoma flows through the trees.
Unknown command.
Unknown command.
Casting: Iskenderun's Mystic Blast (mildly dangerous; 1% risk of failure)
Confirm with . or Enter, or press ? or * to list all spells.
You erupt in a blast of force!
The mystic blast hits the eleionoma!
The eleionoma is heavily wounded.
The eleionoma is knocked back by the mystic blast.
The eleionoma slams into the mangrove!
The eleionoma completely misses you.
Casting: Iskenderun's Mystic Blast (mildly dangerous; 1% risk of failure)
Confirm with . or Enter, or press ? or * to list all spells.
You don't have enough magic to cast this spell.
Unknown command.
Casting: Iskenderun's Mystic Blast (mildly dangerous; 1% risk of failure)
Confirm with . or Enter, or press ? or * to list all spells.
You don't have enough magic to cast this spell.
Unknown command.
You impale the eleionoma!!
Your tail-slap misses the eleionoma.
The eleionoma is severely wounded.
The eleionoma touches a tree and draws upon its vitality.
The eleionoma is healed.
You thump the eleionoma! You drain the eleionoma.
The eleionoma is heavily wounded.
The eleionoma splashes around in the water.
You barely miss the eleionoma. You tail-slap the eleionoma.
The eleionoma is heavily wounded.
The eleionoma hits you!
You closely miss the eleionoma.
The eleionoma is heavily wounded.
The eleionoma hurls a spray of splinters at you.
The spray of wooden splinters hits you!!!
* * * LOW HITPOINT WARNING * * *
You thump the eleionoma! You drain the eleionoma.
Your tail-slap misses the eleionoma.
The eleionoma is severely wounded.
The eleionoma hurls a spray of splinters at you.
The spray of wooden splinters hits you!!
You die...

♣♣♣♣♣♣...♣♣♣..≈≈≈§.≈≈≈≈≈≈≈♣
......≈≈≈≈♣...≈≈..♣≈≈≈≈≈≈≈♣♣
♣....≈≈.....♣.≈≈≈.≈≈≈.≈≈≈≈≈♣
≈....≈≈.≈≈♣.♣.≈≈≈.♣≈...≈≈≈≈♣
≈♣..≈≈.≈.≈≈§$.≈≈..≈≈.≈≈.≈≈≈♣
.≈§.≈≈.≈.≈.♣♣.≈≈≈≈†.≈≈...≈≈.
.≈.♣≈†≈...♣♣.≈≈≈≈≈≈≈≈..≈≈≈.
♣.≈≈♣.≈§♣.♣♣.♣≈≈≈≈≈≈≈..≈≈≈.
♣≈≈.≈.....@.≈♣≈≈≈≈≈≈≈.♣.≈≈≈
♣[≈≈≈≈.≈§R≈.≈♣♣≈≈≈≈≈♣.≈≈≈≈§
♣≈≈≈§≈.≈♣≈≈≈≈♣♣≈≈≈♣≈.≈.≈≈≈≈
♣...≈≈≈..≈.≈.♣♣♣≈≈≈..≈≈≈≈≈♣
♣...≈.?♣♣♣.≈.♣ ♣≈≈ .♣≈≈≈≈.≈
≈.....♣♣ ♣.≈..♣ ♣♣≈♣♣.≈
≈≈.≈≈≈ ♣.§.≈.♣ ♣♣ ♣♣. ≈≈.≈.♣
♣.♣(≈♣♣ ♣♣ ♣


You could see an eleionoma (drained).

Vanquished Creatures
  Jorgrun (D:14)
  An eleionoma (Swamp:1)
  Azrael (D:13)
  2 fire dragons (D:11)
  Josephine (D:14)
  A spriggan zombie (D:15)
  4 vault guards
  2 catoblepae
  An ice dragon (D:9)
  4 boulder beetles
  10 hydras
  An alligator (Lair:2)
  3 centaur warriors
  3 tengu warriors
  2 orc high priests
  8 two-headed ogres
  A goliath frog (Swamp:1)
  2 skeletal warriors (D:15)
  A phantasmal warrior (D:15)
  A glowing orange brain (shapeshifter) (D:14)
  2 wizards
  4 bog bodies
  2 lindwurms (Lair:6)
  2 deep elf pyromancers
  2 necromancers
  9 ugly things
  3 orc knights
  A fire giant zombie (D:15)
  2 manticores
  8 cyclopes
  An orc sorcerer (Orc:2)
  10 elephants
  A smoke demon (Gauntlet)
  4 torpor snails (Lair:6)
  2 gargoyles
  20 cane toads
  A minotaur zombie (Gauntlet)
  11 komodo dragons
  4 efreet
  A kobold demonologist (D:13)
  2 rime drakes (Lair:4)
  2 tengu conjurers
  A spriggan skeleton (D:15)
  12 polar bears
  9 trolls
  6 hornets (Lair:6)
  6 tyrant leeches
  3 raiju
  5 slime creatures (D:15)
  8 blink frogs
  An ettin zombie (D:15)
  5 dream sheep (Lair:6)
  2 centaur simulacra
  A jumping spider (shapeshifter) (D:11)
  A shadow (D:12)
  A vampire (D:12)
  4 culicivoras (Lair:3)
  6 wraiths
  8 wyverns
  51 yaks
  A fire elemental (D:13)
  5 basilisks
  2 steam dragons
  11 wargs
  Edmund (D:4)
  4 vampire mosquitoes
  2 swamp worms
  2 acid dragons (D:11)
  An acid dragon (shapeshifter) (D:11)
  18 hell hounds
  12 water moccasins
  29 orc warriors
  2 sky beasts
  13 black bears
  3 necrophages
  13 centaurs
  4 ogres
  A phantom (D:7)
  29 wolves
  2 kobold brigands
  3 gnoll sergeants
  A scorpion (D:5)
  6 water moccasin zombies (Ossuary)
  10 bullfrogs
  A water moccasin skeleton (D:6)
  A wyvern skeleton (D:7)
  A killer bee (D:9)
  6 wights (D:9)
  3 howler monkeys
  3 crimson imps (Gauntlet)
  10 bullfrog zombies
  10 centaur zombies
  20 orc priests
  A centaur skeleton (D:7)
  2 bullfrog skeletons
  3 hounds
  Ijyb (D:3)
  Natasha (thrice) (D:4)
  24 orc wizards
  4 iguanas
  3 polar bear simulacra (Lair:6)
  3 yak simulacra (Lair:6)
  6 hell rats (Lair:2)
  2 wolf simulacra (Lair:6)
  3 killer bee zombies (Ossuary)
  2 hound zombies
  13 mummies
  4 howler monkey zombies
  Robin (D:4)
  11 gnolls
  A howler monkey skeleton (D:6)
  4 adders
  15 river rats (Lair:2)
  3 shadow imps
  An adder skeleton (D:4)
  2 worms
  A dart slug (D:3)
  80 orcs
  7 endoplasms
  3 giant cockroaches
  20 goblins
  6 hobgoblins
  2 jackals (D:3)
  9 quokkas
  5 ball pythons
  3 bats (D:2)
  3 frilled lizards
  2 hobgoblin zombies (D:5)
  10 kobolds
  22 rats
  3 river rat simulacra (Lair:6)
792 creatures vanquished.

Vanquished Creatures (collateral kills)
  An orc warlord (Orc:1)
  A minotaur (Gauntlet)
2 creatures vanquished.

Vanquished Creatures (others)
  A fulminant prism (D:9)
  60 fungi
  125 plants
  19 withered plants
205 creatures vanquished.

Grand Total: 999 creatures vanquished

Notes
Turn   | Place    | Note
-------+----------+-------------------------------------------
     0 | D:1      | Zeld the Draconian Conjurer began the quest for the Orb.
     0 | D:1      | Reached XP level 1. HP: 14/14 MP: 3/3
   459 | D:1      | Reached XP level 2. HP: 22/22 MP: 0/5
   568 | D:1      | Reached skill level 1 in Fighting
   885 | D:1      | Learned a level 2 spell: Searing Ray
  1290 | D:1      | Found Atafaizo's Weapon Shoppe.
  1582 | D:1      | Found a faded altar of an unknown god.
  1734 | D:2      | Reached XP level 3. HP: 28/28 MP: 4/6
  1965 | D:2      | Found Tixtoom's General Store.
  1973 | D:2      | Bought a potion of flight for 42 gold pieces
  2415 | D:2      | Identified the +1 robe "Foiluoq" {rElec SInv}
  2435 | D:2      | Bought a scroll of identify for 28 gold pieces
  2596 | D:3      | Noticed a necrophage
  2603 | D:3      | Killed a necrophage
  2604 | D:3      | Reached skill level 2 in Fighting
  2604 | D:3      | Reached XP level 4. HP: 37/37 MP: 1/8
  2604 | D:3      | Reached XP level 5. HP: 42/42 MP: 1/9
  2704 | D:3      | Noticed Ijyb
  2711 | D:3      | Paralysed by Ijyb for 5 turns
  2716 | D:3      | Killed Ijyb
  4123 | D:3      | Learned a level 4 spell: Fulminant Prism
  4245 | D:4      | Reached skill level 3 in Fighting
  4245 | D:4      | Reached skill level 5 in Conjurations
  4245 | D:4      | Reached XP level 6. HP: 10/51 MP: 11/11
  4250 | D:4      | Learned a level 4 spell: Iskenderun's Mystic Blast
  4604 | D:4      | Noticed a yak
  4605 | D:4      | Noticed a yak
  4605 | D:4      | Noticed a yak
  4607 | D:4      | Noticed a yak
  4614 | D:4      | Noticed a yak
  4677 | D:3      | Killed a yak
  4678 | D:3      | Your scales start taking on a pale cyan-grey colour.
  4678 | D:3      | Reached XP level 7. HP: 18/58 MP: 12/12
  4678 | D:3      | Gained mutation: You are immune to the effects of steam.
                  | [Pale Draconian growth]
  5249 | D:2      | Killed a yak
  5250 | D:2      | Reached skill level 1 in Hexes
  5250 | D:2      | Reached skill level 1 in Translocations
  5253 | D:2      | Killed a yak
  5254 | D:2      | Reached skill level 4 in Fighting
  5254 | D:2      | Reached skill level 1 in Fire Magic
  5415 | D:2      | Killed a yak
  5560 | D:4      | Killed a yak
  5561 | D:4      | Reached XP level 8. HP: 29/67 MP: 14/14
  5746 | D:4      | Noticed Edmund
  5757 | D:4      | Killed Edmund
  5941 | D:4      | Found a staircase to the Ecumenical Temple.
  5949 | Temple   | Entered the Ecumenical Temple
  6101 | Temple   | Became a worshipper of Vehumet
  6402 | D:4      | Noticed Natasha
  6404 | D:4      | Noticed Robin
  6410 | D:4      | Killed Natasha
  6416 | D:4      | Killed Robin
  6724 | D:4      | Found a staircase to the Ecumenical Temple.
  6771 | D:4      | Noticed Natasha
  6781 | D:4      | Killed Natasha
  7023 | D:4      | Noticed Natasha
  7034 | D:4      | Killed Natasha
  7185 | D:5      | Entered Level 5 of the Dungeon
  7245 | D:5      | Found a sand-covered staircase.
  7256 | Ossuary  | Entered an ossuary
  7281 | Ossuary  | Reached skill level 5 in Fighting
  7364 | Ossuary  | Reached skill level 5 in Spellcasting
  7373 | Ossuary  | Reached * piety under Vehumet
  7373 | Ossuary  | Offered knowledge of Freeze by Vehumet.
  7617 | Ossuary  | Reached XP level 9. HP: 33/74 MP: 14/16
  8476 | D:5      | Reached ** piety under Vehumet
  8476 | D:5      | Offered knowledge of Poisonous Vapours by Vehumet.
  8479 | D:5      | Reached skill level 6 in Fighting
 10401 | D:6      | Reached skill level 5 in Fire Magic
 11473 | D:7      | Reached skill level 7 in Fighting
 11731 | D:7      | Reached XP level 10. HP: 67/86 MP: 19/19
 12632 | D:8      | Offered knowledge of Conjure Flame by Vehumet.
 12729 | D:8      | Reached skill level 5 in Stealth
 12888 | D:8      | Reached skill level 1 in Evocations
 13042 | D:8      | Reached *** piety under Vehumet
 13371 | D:8      | Found a stormy altar of Qazlal.
 13471 | D:9      | Noticed a two-headed ogre
 13856 | D:9      | Killed a two-headed ogre
 14761 | D:9      | Reached skill level 8 in Fighting
 14761 | D:9      | Reached skill level 5 in Dodging
 14904 | D:9      | Got Roxanne's Compendium of Stones and Transmigration
 15991 | D:9      | Noticed an ice dragon
 16008 | D:9      | Offered knowledge of Inner Flame by Vehumet.
 16120 | D:9      | Noticed a two-headed ogre
 16127 | D:9      | Reached XP level 11. HP: 58/94 MP: 19/21
 16298 | D:9      | Killed a two-headed ogre
 16790 | D:9      | Learned a level 6 spell: Starburst
 16940 | D:10     | Entered Level 10 of the Dungeon
 16950 | D:10     | Noticed a two-headed ogre
 16962 | D:10     | Killed a two-headed ogre
 17571 | D:10     | Noticed a two-headed ogre
 17580 | D:10     | Reached **** piety under Vehumet
 17586 | D:10     | Killed a two-headed ogre
 18126 | D:10     | Found Xudimp's Jewellery Shoppe.
 18132 | D:10     | Bought a ring of see invisible for 165 gold pieces
 18533 | D:10     | Noticed a two-headed ogre
 18540 | D:10     | Killed a two-headed ogre
 18682 | D:10     | Reached skill level 9 in Fighting
 18682 | D:10     | Reached skill level 5 in Evocations
 18818 | D:11     | Noticed an orc knight
 18819 | D:11     | Noticed a fire dragon
 19026 | D:10     | Killed an orc knight
 19355 | D:11     | Found Sekly's General Store.
 19404 | D:11     | Killed a fire dragon
 19412 | D:11     | Noticed a two-headed ogre
 19414 | D:11     | Bought a scroll of teleportation for 36 gold pieces
 19414 | D:11     | Bought a potion of brilliance for 48 gold pieces
 19414 | D:11     | Bought a scroll of identify for 24 gold pieces
 19422 | D:11     | Killed a two-headed ogre
 19594 | D:2      | Bought 2 potions of brilliance for 112 gold pieces
 19594 | D:2      | Bought a scroll of summoning for 133 gold pieces
 19799 | D:11     | Noticed a deep elf pyromancer
 19860 | D:11     | Killed a deep elf pyromancer
 19981 | D:11     | Noticed a wizard
 19987 | D:11     | Killed a wizard
 19988 | D:11     | Reached XP level 12. HP: 104/104 MP: 16/24
 20056 | D:11     | Offered knowledge of Fireball by Vehumet.
 20063 | D:11     | Learned a level 5 spell: Fireball
 20390 | D:11     | Noticed a fire dragon
 20437 | D:11     | Killed a fire dragon
 21181 | D:11     | Noticed a boulder beetle
 22092 | D:11     | Killed a boulder beetle
 23517 | D:11     | Found a staircase to the Lair.
 23693 | D:12     | Found a gate leading to a gauntlet.
 23705 | Gauntlet | Entered a Gauntlet
 23705 | Gauntlet | Found a transporter.
 23705 | Gauntlet | Found a transporter.
 23705 | Gauntlet | Found a runed translucent door.
 23910 | Gauntlet | Found a runed translucent door.
 23917 | Gauntlet | Found a transporter.
 23917 | Gauntlet | Found a transporter.
 23985 | Gauntlet | Identified the +2 pair of gloves of Xom's Whim {Str+4}
 23989 | Gauntlet | Noticed a catoblepas
 23997 | Gauntlet | Reached skill level 10 in Conjurations
 24079 | Gauntlet | Found a runed translucent door.
 24081 | Gauntlet | Found a transporter.
 24081 | Gauntlet | Found a transporter.
 24083 | Gauntlet | Found a runed translucent door.
 24331 | Gauntlet | Found a transporter.
 24331 | Gauntlet | Found a transporter.
 24364 | Gauntlet | Noticed a dire elephant
 24670 | Gauntlet | Found a transporter.
 24670 | Gauntlet | Found a transporter.
 24960 | Gauntlet | Found a transporter.
 24961 | Gauntlet | Identified the ring of the Open Hand {Ice rN+ MP+9 SInv}
 24963 | Gauntlet | Identified the +2 pair of boots of Ofucoepp {Drain Fly rN+}
 24966 | Gauntlet | Found a transporter.
 25210 | Gauntlet | Identified the +7 morningstar of Iconoclasm {drain, rCorr}
 25210 | Gauntlet | Identified the +6 arbalest "Impbane" {freeze, +Blink rF-
                  | rC+}
 25210 | Gauntlet | Identified the +2 scale mail "Yjien" {Slay+3}
 25210 | Gauntlet | Noticed a minotaur
 25237 | Gauntlet | Killed a minotaur
 25238 | Gauntlet | Reached skill level 10 in Fighting
 25538 | Gauntlet | Identified the +2 pair of gloves of the Dozen Gods {rPois
                  | rF- Int+3 Dex+8 Slay-4}
 25539 | Gauntlet | Got Bufij's Collected Works on Enthralling Transmutation
 27252 | D:12     | Noticed a two-headed ogre
 27262 | D:12     | Killed a two-headed ogre
 27263 | D:12     | Reached skill level 1 in Maces & Flails
 27503 | D:12     | Found a staircase to the Orcish Mines.
 27679 | D:12     | Noticed a seven-headed hydra
 27690 | D:12     | Killed a seven-headed hydra
 27999 | D:12     | Noticed a two-headed ogre
 28005 | D:12     | Killed a two-headed ogre
 28115 | Orc:1    | Entered Level 1 of the Orcish Mines
 28208 | Lair:1   | Entered Level 1 of the Lair of Beasts
 28240 | Lair:1   | Noticed a four-headed hydra
 28295 | Lair:1   | Killed a four-headed hydra
 28694 | Lair:1   | Reached XP level 13. HP: 62/114 MP: 2/26
 29262 | Lair:1   | Identified the +3 long sword of Wyrd {venom, Str+6}
 30491 | Lair:2   | Found a staircase to the Swamp.
 31671 | Lair:2   | Identified the +8 plate armour of Qiam {+Inv}
 31780 | Lair:2   | Reached ***** piety under Vehumet
 31782 | Lair:2   | Offered knowledge of Hailstorm by Vehumet.
 31810 | Lair:2   | Reached skill level 10 in Fire Magic
 32640 | Lair:3   | Found a hole to the Spider Nest.
 32771 | Lair:3   | Reached skill level 11 in Fighting
 35576 | Lair:5   | HP: 3/116 [cane toad (7)]
 36119 | Lair:5   | Reached XP level 14. HP: 65/124 MP: 16/27
 36462 | Lair:5   | Found a viscous altar of Jiyva.
 36462 | Lair:5   | Found a staircase to the Slime Pits.
 36887 | Lair:6   | Entered Level 6 of the Lair of Beasts
 36962 | Lair:6   | Reached skill level 5 in Maces & Flails
 37000 | Lair:6   | Reached skill level 10 in Spellcasting
 38392 | Lair:6   | Offered knowledge of Iron Shot by Vehumet.
 39579 | Lair:6   | Reached skill level 12 in Fighting
 39723 | Lair:6   | Found a runed translucent door.
 42285 | Orc:2    | Entered Level 2 of the Orcish Mines
 42914 | Orc:2    | Found a staircase to the Elven Halls.
 43030 | Orc:2    | Found Tyfrekiu's Weapon Boutique.
 43496 | Orc:2    | Offered knowledge of Spellforged Servitor by Vehumet.
 43691 | Orc:1    | Reached skill level 10 in Evocations
 43691 | Orc:1    | Reached XP level 15. HP: 45/133 MP: 7/29
 44038 | Orc:2    | Noticed an orc warlord
 44081 | Orc:1    | Killed an orc warlord
 44463 | Orc:2    | Paralysed by an orc sorcerer for 3 turns
 44509 | Orc:2    | Found Ogiwn's Antique Armour Boutique.
 44516 | Orc:2    | Found Viegou's Antique Weapon Shop.
 44527 | Orc:2    | Bought a glowing orb for 348 gold pieces
 44614 | Orc:2    | Found Erean's Magic Scroll Boutique.
 44668 | Orc:2    | Bought a scroll of silence for 120 gold pieces
 44668 | Orc:2    | Bought a scroll of teleportation for 48 gold pieces
 44668 | Orc:2    | Bought 3 scrolls of identify for 96 gold pieces
 44668 | Orc:2    | Bought a scroll of silence for 120 gold pieces
 44668 | Orc:2    | Bought a scroll of identify for 32 gold pieces
 44668 | Orc:2    | Bought a scroll of amnesia for 56 gold pieces
 44668 | Orc:2    | Bought a scroll of fear for 56 gold pieces
 44668 | Orc:2    | Bought a scroll of identify for 32 gold pieces
 45175 | D:13     | Noticed Azrael
 45545 | D:13     | Killed Azrael
 46051 | D:14     | Noticed Jorgrun
 46068 | D:14     | Killed Jorgrun
 49337 | D:14     | Noticed Josephine
 49345 | D:14     | Killed Josephine
 49516 | D:14     | Found a gate to the Vaults.
 49692 | D:14     | You are sucked into a shaft and drop 1 floor!
 49692 | D:15     | Entered Level 15 of the Dungeon
 50445 | D:15     | Found a glowing golden altar of the Shining One.
 50639 | D:15     | Found a staircase to the Depths.
 50778 | D:15     | Reached skill level 13 in Fighting
 52172 | Swamp:1  | Entered Level 1 of the Swamp
 52858 | Swamp:1  | Killed from afar by an eleionoma

Illustrated notes

Levels and vault maps discovered:
D:1:      erik_arrival_blinker_ship, layout_basic, serial_shops,
          nicolae_shop_bloodbath_and_beyond,
          shapermc_ecumenical_altar_totnotflames, minmay_misc_feat_x
D:2:      layout_loops_cross, serial_shops, shop
D:3:      layout_loops_ring, uniq_ijyb
D:4:      layout_cave_pools, minmay_temple_entry_enclosed_plants, uniq_natasha,
          uniq_edmund, uniq_robin
D:5:      layout_layer_cave, nicolae_ossuary_entry_giza, serial_bayou,
          serial_bayou_shore_a, serial_bayou_pond_e, serial_bayou_crossing,
          serial_bayou_lagoon_a, nicolae_fountain_basement
D:6:      layout_rooms
D:7:      layout_basic
D:8:      layout_rooms, nicolae_overflow_crystal_walls
D:9:      layout_basic, minmay_misc_feat_iff, evilmike_minifort
D:10:     layout_loops_ring, serial_shops, shop, minmay_holes
D:11:     minmay_cut_squares, layout_loops_ring, erik_lair_orcish_takeover,
          serial_shops, shop
D:12:     layout_basic, david_orc_2, gauntlet_entry_generic
D:13:     layout_small_grid, uniq_azrael
D:14:     layout_small_grid, lightli_vaults_fourway_checkpoint,
          corexii_leaking_fountain, chequers_serial_rivers_small_a,
          uniq_josephine, uniq_jorgrun
D:15:     gammafunk_depths_entry_grave, layout_irregular_city, tso_metal_star,
          chequers_serial_rivers_micro_c
Temple:   kilobyte_greek_temple
Lair:1:   layout_regular_city, chequers_serial_rivers_small_3, st_stairs_3
Lair:2:   lemuel_ratsnest, layout_loops_ring, skrybe_swamp_entry_bodies,
          grunt_megastairs_1
Lair:3:   layout_regular_city, hellmonk_spider_entry_life_and_decay,
          worms_lemuel
Lair:4:   layout_long_grid, st_stairs_11, lemuel_old_faithful
Lair:5:   layout_misc_corridors, dpeg_slime_entry_enclosed_altar
Lair:6:   hangedman_lair_caniforms_friends, layout_loops_ring, wormcave,
          eino_house_with_fridge
Swamp:1:  nicolae_swamp_tree_isthmus, layout_falls_marsh,
          ebering_ghost_rock_garden, nicolae_swamp_big_swirl, swamp_pool3,
          cheibrodos_swamp_witchery
Orc:1:    layout_caves, basic_altar
Orc:2:    grunt_orc_community_town_hall, layout_caves,
          grunt_orc_community_big_house_2, grunt_orc_community_big_house_1,
          grunt_orc_community_house_1, grunt_orc_community_house_3,
          grunt_orc_community_house_3, grunt_orc_community_house_2,
          grunt_orc_community_house_2

Skill      XL: |  1  2  3  4  5  6  7  8  9 10 11 12 13 14 15 |
---------------+----------------------------------------------+-----
Fighting       | 1 2 3 4 5 7 8 9 10 11 12 13 | 13.1
Dodging        | 2 3 4 5 6 7 8 |  8.0
Stealth        | 2 3 4 5 6 7 8 |  8.8
Spellcasting   | 3 4 5 6 7 8 9 10 11 | 11.2
Conjurations   | 5 6 7 8 9 10 11 12 | 12.7
Hexes          | 2 |  2.0
Translocations | 1 2 |  2.0
Fire Magic     | 2 3 5 6 8 9 10 11 12 | 12.3
Evocations     | 3 5 7 8 10 11 | 11.0
Maces & Flails | 2 4 6 7 |  7.9

Action                   |  1- 3 |  4- 6 |  7- 9 | 10-12 | 13-15 || total
-------------------------+-------+-------+-------+-------+-------++-------
Melee: Unarmed           |    30 |       |       |       |       ||    30
       Tailslap          |     5 |    13 |    38 |    61 |    96 ||   213
       Dagger            |    16 |       |       |       |       ||    16
       Hand axe          |    12 |    68 |   250 |   318 |       ||   648
       Punch             |       |     1 |     3 |     4 |     6 ||    14
       Morningstar       |       |       |       |    28 |   595 ||   623
       Long sword        |       |       |       |       |    14 ||    14
 Cast: Magic Dart        |    54 |       |       |     2 |     5 ||    61
       Searing Ray       |     3 |     5 |    35 |    44 |    26 ||   113
       Iskenderun's Myst |       |       |       |   161 |   525 ||   686
       Fulminant Prism   |       |       |       |     1 |       ||     1
       Fireball          |       |       |       |     6 |   142 ||   148
       Starburst         |       |       |       |     1 |     8 ||     9
 Abil: Breathe Steam     |       |       |    34 |    43 |    26 ||   103
Evoke: Wand              |       |       |       |    22 |     4 ||    26
       Phantom mirror    |       |       |       |     1 |       ||     1
  Use: Scroll            |       |       |     4 |    13 |     7 ||    24
 Stab: Sleeping          |     1 |     1 |     2 |     9 |    16 ||    29
       Distracted        |       |       |     1 |       |     1 ||     2
       Paralysed         |       |       |       |    20 |       ||    20
Armor: Skin              |    19 |    27 |   162 |   208 |   502 ||   918
Dodge: Dodged            |    47 |    71 |   314 |   404 |   821 ||  1657
